Map: Galactic Process LE

Players

Gracz

  • Race: Zerg Zerg
  • League: Bronze

Benbo - Winner!

  • Race: Terran Terran
  • League: Silver

VOD

Have the link to the VOD?

Description

Time

  • Played on: Sept. 3, 2016, 11:34 a.m.
  • Length: 8:14
Show
View Real Time Build Order
Export as new Build Order

Gracz Zerg 

Build Orders: Pool First 

Get SALT Encoding   

  12  0:02  Drone  
  13  0:22  Drone  
  14  0:28  Spawning Pool  
  14  0:30  Drone  
  14  0:36  Extractor  
  13  0:48  Drone  
  13  0:49  Overlord  
  14  1:48  Hatchery  
  14  1:50  Drone x3  
  14  1:52  Metabolic Boost  
  16  1:57  Extractor  
  15  2:13  Drone x2  
  17  2:26  Drone  
  18  2:32  Hatchery  
  18  2:34  Zergling x2  
  18  2:58  Queen  
  18  2:59  Drone  
  18  3:00  Drone  
  18  3:04  Drone  
  23  3:16  Roach Warren  
  22  3:20  Drone  
  23  3:30  Drone x3  
  23  3:33  Drone  
  27  3:40  Drone  
  28  3:52  Drone  
  29  3:57  Zergling x4  
  30  4:10  Roach  
  29  4:28  Roach x4  
  33  4:41  Roach  
  27  5:09  Roach x3  
  33  5:15  Spine Crawler  
  27  5:59  Drone x2, Hatchery  
  27  6:00  Overlord x3  
  28  6:19  Drone x3  
  31  6:27  Queen  
  31  6:30  Queen  
  22  7:03  Queen  
  22  7:46  Extractor  
  22  7:48  Extractor  
Show
View Real Time Build Order
Export as new Build Order

Benbo Terran - Winner!

Build Orders:  

Get SALT Encoding   

  12  0:01  SCV  
  13  0:18  Supply Depot, SCV  
  14  0:29  Refinery  
  14  0:30  SCV  
  15  0:41  Supply Depot  
  15  0:43  SCV  
  16  0:57  SCV  
  17  1:08  Barracks  
  17  1:09  SCV  
  18  1:13  Refinery  
  18  1:22  SCV  
  19  1:29  Barracks  
  19  1:35  SCV  
  20  1:50  SCV  
  21  1:59  Barracks  
  21  2:03  Reaper  
  22  2:11  SCV  
  23  2:19  Barracks Reactor  
  23  2:35  Reaper  
  24  2:37  Command Center  
  24  2:42  SCV  
  25  2:51  Reaper  
  25  2:57  SCV  
  27  3:07  Reaper  
  28  3:13  Reaper x2  
  28  3:16  SCV  
  31  3:36  Refinery  
  31  3:37  Refinery  
  31  3:39  Supply Depot  
  31  3:44  Supply Depot  
  31  3:49  SCV, Reaper x2  
  31  3:53  Reaper  
  36  4:21  Marine  
  35  4:27  Reaper x2  
  37  4:44  Reaper x2  
  38  4:59  Reaper x2  
  38  5:16  Reaper x2  
  38  5:31  Reaper  
  38  5:32  Reaper  
  35  5:48  Reaper x2  
  35  6:03  Reaper  
  35  6:04  Reaper  
  37  6:06  SCV  
  38  6:17  SCV  
  38  6:18  SCV  
  40  6:19  Factory  
  40  6:20  Reaper x2  
  42  6:29  SCV  
  42  6:30  SCV  
  44  6:36  Reaper x2  
  46  6:41  SCV  
  47  6:52  Reaper x2  
  47  6:53  SCV  
  49  6:57  Command Center  
  49  7:03  Factory  
  49  7:05  SCV  
  49  7:08  Reaper x2  
  51  7:19  SCV  
  51  7:21  Orbital Command  
  52  7:24  Reaper x2  
  54  7:30  Factory Tech Lab  
  54  7:40  Reaper x2  
Tags
 
Add a new tag
Caveats
  • Supply blocks, unpowered buildings, or Contaminate may cause inaccurate times.
  • Supply counts are checked every 10 seconds.